 Dungeon Crawl Stone Soup version 0.29.1-15-g9cfb28693d (webtiles) character file.

Game seed: 1522944766690595915

88 Carnifexus the Trooper (level 4, 0/35 HPs)
             Began as a Demonspawn Fighter on Mar 24, 2023.
             Was a Believer of Fedhas.
             Succumbed to a scorpion's poison
             ... on level 4 of the Dungeon.
             The game lasted 00:05:11 (4425 turns).

Carnifexus the Trooper (Demonspawn Fighter)         Turns: 4425, Time: 00:05:12

Health: 0/35       AC:  7    Str: 18    XL:     4   Next: 29%
Magic:  4/4        EV:  9    Int: 10    God:    Fedhas [**....]
Gold:   169        SH:  4    Dex: 12    Spells: 3/3 levels left

rFire   . . .      SeeInvis .   a - +0 long sword
rCold   . . .      Faith    .   c - +0 buckler
rNeg    . . .      Spirit   .   b - +0 scale mail
rPois   .          Reflect  .   (helmet restricted)
rElec   .          Harm     .   s - +0 cloak
rCorr   .          Rampage  .   (no gloves)
Will    .....                   (no boots)
Stlth   ..........              (no amulet)
HPRegen 0.11/turn               (no ring)
MPRegen 0.09/turn               (no ring)

@: lethally poisoned (0 -> -3)
A: antennae 2
a: Renounce Religion, Wall of Briars


You were on level 4 of the Dungeon.
You worshipped Fedhas.
Fedhas was pleased with you.
You visited 1 branch of the dungeon, and saw 4 of its levels.

You collected 169 gold pieces.

Inventory:

Hand Weapons
 a - a +0 long sword (weapon)
Missiles
 f - a throwing net (quivered)
Armour
 b - a +0 scale mail (worn)
 c - a +0 buckler (worn)
 s - a +0 cloak (worn)
Scrolls
 i - a scroll of poison {unknown}
 j - a scroll of blinking {unknown}
 k - a scroll of enchant weapon {unknown}
 l - 2 scrolls of magic mapping {unknown}
 n - a scroll of butterflies {unknown}
 q - a scroll of teleportation {unknown}
Potions
 d - a potion of might
 g - 2 potions of heal wounds
 h - 6 potions of curing
 m - 2 potions of flight
 o - a potion of lignification
 p - 5 potions of attraction
 r - a potion of brilliance {unknown}
 t - a potion of ambrosia


   Skills:
 + Level 3.5 Fighting
 + Level 2.6 Long Blades
 + Level 3.1 Armour
 + Level 1.0 Dodging
 + Level 0.1 Stealth
 + Level 3.1 Shields


You had 3 spell levels left.
You didn't know any spells.
Your spell library contained the following spells:

 Spells                   Type           Power      Damage    Failure   Level
 Static Discharge         Conj/Air       0%         3-3/arc   93%         2
 Ignite Poison            Fire/Tmut/Pois 0%         N/A       99%         3
 Mephitic Cloud           Conj/Pois/Air  0%         N/A       99%         3
 Freezing Cloud           Conj/Ice/Air   0%         6-21      100%        5
 Lightning Bolt           Conj/Air       0%         1d11      100%        5
 Maxwell's Capacitive Co  Air            0%         ∞         100%        8


Dungeon Overview and Level Annotations

Branches:
Dungeon (4/15)
 Temple: D:4-7

Altars:
Fedhas
Kikubaaqudgha

Shops:
D:1 =


Innate Abilities, Weirdness & Mutations

You have a pair of antennae on your head.


Message History

You hit the scorpion but do no damage.
The scorpion is severely wounded.
You feel sick.
The scorpion stings you but does no damage.
You hit the scorpion but do no damage.
The scorpion is severely wounded.
You feel sick. The scorpion barely misses you. You block the scorpion's attack.
You closely miss the scorpion.
The scorpion is severely wounded.
You feel sick. The scorpion misses you.
You hit the scorpion.
The scorpion is severely wounded.
You feel sick.
You are no longer poisoned.
You block the scorpion's attack.
The scorpion stings you but does no damage.
You barely miss the scorpion.
The scorpion is severely wounded.
The scorpion barely misses you.
You barely miss the scorpion.
The scorpion is severely wounded.
The scorpion stings you.
* * * LOW HITPOINT WARNING * * *
You are lethally poisoned!
The scorpion poisons you! The scorpion barely misses you.
You barely miss the scorpion.
The scorpion is severely wounded.
* * * LOW HITPOINT WARNING * * *
You feel very sick. The scorpion stings you.
* * * LOW HITPOINT WARNING * * *
You closely miss the scorpion.
The scorpion is severely wounded.
* * * LOW HITPOINT WARNING * * *
You feel sick. The scorpion barely misses you.
The scorpion completely misses you.
You closely miss the scorpion.
The scorpion is severely wounded.
You die...
Fedhas appreciates your contribution to the ecosystem.

##...###..##
...(......###...........
..............# #....<..
.........#....# #.)##...
........<#.#..###.)##...
...........##.......#...
#...................#...
#......................#
#....s@............#.##
#........###..##...#....
.....!.### ######÷......
....... #......# .......
###...#.## ###...(
##......... ##...
#.....<.... ....
.............
...####).....#


You could see a scorpion.

Vanquished Creatures
  An adder (D:3)
  A white imp (D:3)
  4 worms
  A dart slug (D:2)
  4 endoplasms
  2 giant cockroaches
  3 hobgoblins
  5 quokkas
  5 ball pythons
  6 bats
  3 frilled lizards
  10 goblins
  7 kobolds
  5 rats
57 creatures vanquished.

Vanquished Creatures (others)
  2 withered plants (D:1)
2 creatures vanquished.

Grand Total: 59 creatures vanquished

Notes
Turn   | Place    | Note
-------+----------+-------------------------------------------
     0 | D:1      | Carnifexus the Demonspawn Fighter began the quest for the
                  | Orb.
     0 | D:1      | Reached XP level 1. HP: 18/18 MP: 1/1
   351 | D:1      | Found Usaaluev's Jewellery Shoppe.
   367 | D:1      | Gained mutation: You have a pair of small antennae on your
                  | head. [demonic ancestry]
   367 | D:1      | Reached XP level 2. HP: 24/24 MP: 2/2
   840 | D:1      | Found a faded altar of an unknown god.
  1244 | D:1      | Prayed at the altar of an unknown god.
  1244 | D:1      | Became a worshipper of Fedhas Madash
  1244 | D:1      | Reached * piety under Fedhas
  1556 | D:2      | Reached XP level 3. HP: 28/29 MP: 3/3
  2728 | D:2      | Reached ** piety under Fedhas
  3190 | D:3      | Gained mutation: You have a pair of antennae on your head.
                  | [demonic ancestry]
  3190 | D:3      | Reached XP level 4. HP: 12/35 MP: 4/4
  3939 | D:3      | Found a faded altar of an unknown god.
  3943 | D:3      | Found an ancient bone altar of Kikubaaqudgha.
  4188 | D:4      | Reached skill level 1 in Dodging
  4406 | D:4      | Noticed a scorpion
  4424 | D:4      | HP: 1/35 [poisoned by a scorpion]
  4425 | D:4      | Succumbed to a scorpion's poison

Illustrated notes

Levels and vault maps discovered:
D:1:      giann_horns, layout_basic, serial_shops,
          nicolae_shop_temple_entry_statues_fountains,
          ebering_ecumenical_altar_petrified, st_stairs_13, minmay_liquid_box
D:2:      layout_basic
D:3:      layout_loops_corners, nicolae_tso_carved_into_rock,
          nicolae_overflow_ecumenical_swirl, kennysheep_potato
D:4:      layout_cave_pools, serial_shops, shop, amcnicky_mini_pool_small,
          uniq_robin

Skill      XL: |  1  2  3  4 |
---------------+-------------+-----
Shields        | 3 |  3.1
Long Blades    | 2 |  2.6
Armour         | 3 |  3.1
Dodging        | 1 |  1.0
Fighting       | |  3.5
Stealth        | |  0.1

Action                   |  1- 3 |  4- 6 || total
-------------------------+-------+-------++-------
Melee: Long sword        |   159 |    53 ||   212
  Use: Scroll            |       |     6 ||     6
Armor: Scale mail        |    73 |    20 ||    93
Dodge: Dodged            |    94 |    23 ||   117
Block: Buckler           |    38 |    18 ||    56
